 Dungeon Crawl Stone Soup version 0.26-a0-519-gb2f46ef (webtiles) character file.

Game seed: 3104624514282031137

170 MrTaco21 the Cudgeler (level 5, -6/32 HPs)
             Began as a Gargoyle Fighter on Aug 11, 2020.
             Killed by divine providence
             ... invoked by an orc priest
              (11 damage)
             ... on level 3 of the Dungeon.
             The game lasted 00:06:44 (2486 turns).

MrTaco21 the Cudgeler (Gargoyle Fighter)            Turns: 2486, Time: 00:06:45

Health: -6/32      AC: 10    Str: 20    XL:     5   Next: 50%
Magic:  0/5        EV:  7    Int:  9    God:
Gold:   175        SH: 10    Dex: 15    Spells: 4/4 levels left

rFire    . . .     SeeInvis .   k - +0 whip (venom)
rCold    . . .     Faith    .   c - +1 kite shield
rNeg     + . .     Spirit   +   b - +0 scale mail
rPois    ∞         Reflect  .   (no helmet)
rElec    +         Harm     .   (no cloak)
rCorr    .                      (no gloves)
MR       .....                  (no boots)
Stlth    ..........             g - amulet of guardian spirit
HPRegen  0.10/turn              s - +6 ring of dexterity
MPRegen  0.09/turn              q - ring of wizardry

@: no status effects
A: negative energy resistance 1, electricity resistance, unbreathing,
petrification resistance, rot immunity, AC +4
a: no special abilities


You were on level 3 of the Dungeon.
You visited 1 branch of the dungeon, and saw 4 of its levels.

You collected 175 gold pieces.

Inventory:

Hand Weapons
 k - a +0 whip of venom (weapon)
   (You took it off a kobold on level 2 of the Dungeon)
Missiles
 o - 17 poisoned darts (quivered)
Armour
 b - a +0 scale mail (worn)
 c - a +1 kite shield (worn)
Jewellery
 g - an amulet of guardian spirit (around neck)
   (You found it on level 1 of the Dungeon)
 q - a ring of wizardry (right hand)
   (You found it on level 3 of the Dungeon)
 s - a +6 ring of dexterity (left hand)
   (You found it on level 3 of the Dungeon)
Scrolls
 f - a scroll of remove curse {@r2}
 h - 2 scrolls of identify {unknown}
 i - 2 scrolls of teleportation {@r4}
 l - a scroll of amnesia {unknown}
Potions
 a - a potion of mutation {unknown}
 d - a potion of might
 e - a potion of heal wounds {unknown}
 j - 3 potions of lignification {unknown}
 m - 2 potions of berserk rage {unknown}
 p - a potion of flight {unknown}
 t - a potion of haste {unknown}


   Skills:
 - Level 3.2 Fighting
 + Level 5.5 Maces & Flails
 - Level 3.2 Armour
 - Level 3.2 Shields


You had 4 spell levels left.
You didn't know any spells.
Your spell library was empty.

Dungeon Overview and Level Annotations

Branches:
Dungeon (4/15)
 Temple: D:4-7

Altars:
Nemelex Xobeh
Uskayaw
Vehumet
Xom


Innate Abilities, Weirdness & Mutations

You are resistant to torment.
Your stone body is resilient. (AC +4)
You are immune to poison.
You resist negative energy. (rN+)
You are resistant to electric shocks. (rElec)
You can survive without breathing.
You are immune to petrification.
You are immune to rotting.


Message History

You are engulfed in blazing flames.
Things that are here:
a flail; a purple potion
Okay, then.
You start resting.
You are engulfed in blazing flames.
Ouch! That really hurt!
* * * LOW HITPOINT WARNING * * *
You start resting.
You start resting.
Partly explored, can't reach some places.
Partly explored, can't reach some places.
Partly explored, can't reach some places.
Partly explored, can't reach some places.
Search for what [Enter for "."]? .
Unknown command.
There is a stone staircase leading down here.
You climb downwards.
There is a stone staircase leading up here.
An orc priest comes into view. It is wielding a +0 dagger.
The orc priest shouts!
An orc wizard comes into view. It is wielding a +0 dagger.
The orc priest miscasts a cantrip.
An orc comes into view. It is wielding a -1 club.
Found 15 gold pieces.
You closely miss the orc priest.
The orc priest hits you but does no damage.
You hit the orc wizard but do no damage.
The orc wizard is poisoned.
You block the orc priest's attack.
You barely miss the orc wizard.
The orc wizard gestures at you while chanting.
The magic dart hits you.
You hit the orc wizard.
The orc wizard looks as sick as possible!
The orc priest mumbles some strange prayers to Beogh against you.
Beogh smites you!
The orc wizard gestures at you while chanting.
The magic dart hits you.
* * * LOW HITPOINT WARNING * * *
You kill the orc wizard!
There is a stone staircase leading up here.
The orc priest calls down the wrath of Beogh upon you.
Beogh smites you!
* * * LOW HITPOINT WARNING * * *
You climb upwards.
There is a stone staircase leading down here.
You barely miss the orc priest.
The orc priest calls down the wrath of Beogh upon you.
Beogh smites you!
You die...

.............[...○#######
........###.....#.......#
.....(..# #....<#=#<....#
..#####.#
#.#.###.########## ..#
#.###.#.....#........#
..#
#.#.........#.######.#
### #.#########.#.# #.#
#######.#########.#.# #.#
................@.#.# #.#
#####.###########o#.# #.#
..................#.# #.#
..............#####.# #.#
..............# #.# #.#
......).......# #.# #.#
##............#####.# #.#
#................#.# #.#
##....#######.....#.# #.#


You could see an orc priest.

Vanquished Creatures
  An orc wizard (D:4)
  6 adders
  An ooze (D:3)
  A worm (D:2)
  3 leopard geckos
  2 orcs (D:3)
  3 giant cockroaches (D:1)
  7 hobgoblins
  10 jackals
  2 quokkas (D:3)
  5 bats
  3 frilled lizards
  12 goblins
  6 kobolds
  9 rats
71 creatures vanquished.

Vanquished Creatures (others)
  5 orcs (D:3)
5 creatures vanquished.

Grand Total: 76 creatures vanquished

Notes
Turn   | Place    | Note
-------+----------+-------------------------------------------
     0 | D:1      | MrTaco21 the Gargoyle Fighter began the quest for the Orb.
     0 | D:1      | Reached XP level 1. HP: 14/14 MP: 1/1
    94 | D:1      | Reached XP level 2. HP: 19/19 MP: 2/2
   292 | D:1      | Reached skill level 3 in Maces & Flails
   606 | D:1      | Reached XP level 3. HP: 23/23 MP: 3/3
   971 | D:2      | Reached skill level 4 in Maces & Flails
  1156 | D:2      | Reached XP level 4. HP: 23/28 MP: 4/4
  1555 | D:3      | Found an ornate altar of the Wu Jian Council.
  1555 | D:3      | Found a shimmering altar of Xom.
  1555 | D:3      | Found a shimmering altar of Xom.
  1555 | D:3      | Found a white marble altar of Elyvilon.
  1555 | D:3      | Found a shimmering altar of Xom.
  1555 | D:3      | Found a radiant altar of Vehumet.
  1734 | D:3      | Found a sparkling altar of Nemelex Xobeh.
  1744 | D:3      | Reached skill level 5 in Maces & Flails
  1744 | D:3      | Reached XP level 5. HP: 32/32 MP: 5/5
  1879 | D:3      | Found a radiant altar of Vehumet.
  2035 | D:3      | Found a hide-covered altar of Uskayaw.
  2070 | D:3      | Found a faded altar of an unknown god.
  2486 | D:3      | Killed from afar by an orc priest

Illustrated notes

Levels and vault maps discovered:
D:1:      roderic_dead_forest, layout_basic, hangedman_decor_push
D:2:      layout_rooms
D:3:      layout_basic, overflow_temple_1_default,
          eat_drink_and_be_merry_uskayaw, fiery_altar_vehumet,
          chequers_ecumenical_altar_grove, doesnt_xom_only_xom
D:4:      layout_basic, kennysheep_mini, grunt_temple_overflow_open,
          minmay_temple_entry_sparse_star, serial_corexii_hall,
          corexii_hall_statues_i, chequers_hall_statues_wall_a,
          minmay_hollow_rounded_squares

Skill      XL: |  1  2  3  4 |
---------------+-------------+-----
Maces & Flails | 3 4 5 |  5.5
Fighting       | |  3.2
Armour         | |  3.2
Shields        | |  3.2

Action                   |  1- 3 |  4- 6 || total
-------------------------+-------+-------++-------
Melee: Flail             |   108 |       ||   108
       Whip              |    56 |   105 ||   161
  Use: Scroll            |       |     7 ||     7
Armor: Scale mail        |   109 |    42 ||   151
Dodge: Dodged            |    52 |    21 ||    73
Block: Kite shield       |    96 |    40 ||   136

Table legend: (Time is in decaauts)
 A = Elapsed time spent in this place.
 B = Non-inter-level travel time spent in this place.
 C = Inter-level travel time spent in this place.
 D = Time resting spent in this place.
 E = Time spent auto-exploring this place.
 F = Levels seen in this place.
 G = Mean time per level.
                   A        B        C        D        E       F      G
               +--------+--------+--------+--------+--------+-----+--------+
         Total |   2508 |   2436 |     72 |    294 |   1582 |   4 |  627.0 |
       Dungeon |   2508 |   2436 |     72 |    294 |   1582 |   4 |  627.0 |
               +--------+--------+--------+--------+--------+-----+--------+

Top non-repeatable levels by time:
     D:3: 1005 daAuts
     D:1: 804 daAuts
     D:2: 681 daAuts
     D:4: 17 daAuts
